 Dungeon Crawl Stone Soup version 0.21.1-1-g345015fe64 (webtiles) character file.

1439 Henning the Ruffian (level 8, -2/71 HPs)
             Began as a Troll Monk on June 17, 2018.
             Slain by a bullfrog (9 damage)
             ... in a sewer.
             The game lasted 00:12:42 (4696 turns).

Henning the Ruffian (Troll Monk)                    Turns: 4696, Time: 00:12:42

Health: -2/71      AC:  5    Str: 18    XL:     8   Next: 45%
Magic:  8/8        EV:  9    Int:  4    God:
Gold:   329        SH:  7    Dex: 14    Spells: 7/7 levels left

rFire    x . .     SeeInvis .     - Unarmed
rCold    + . .     Gourm    +   w - +0 shield
rNeg     . . .     Faith    .   a - +0 robe
rPois    +         Spirit   .   (helmet restricted)
rElec    .         Reflect  .   (no cloak)
rCorr    .         Harm     .   (gloves unavailable)
MR       .....                  (boots unavailable)
Stlth    ++........             k - amulet of magic regeneration
HPRegen  0.61/turn              q - ring of wizardry
MPRegen  0.36/turn              j - ring of ice

@: very slow
A: large, unfitting armour, claws 3, dopey 1, fast metabolism 3, frail 1,
gourmand, poison resistance, regeneration 1, shaggy fur 1, tough skin 2, weak 1
a: no special abilities


You were in a sewer.
You were completely stuffed.

You visited 2 branches of the dungeon, and saw 7 of its levels.
You also visited: Sewer.

You collected 329 gold pieces.

Inventory:

Armour
 a - a +0 robe (worn)
 w - a +0 shield (worn)
Jewellery
 j - a ring of ice (right claw)
 k - an amulet of magic regeneration (around neck)
 q - a ring of wizardry (left claw)
Wands
 v - a wand of enslavement (15)
Scrolls
 d - a scroll of enchant armour {unknown}
 f - 2 scrolls of remove curse
 m - a scroll of enchant weapon {unknown}
 n - 2 scrolls of amnesia {unknown}
 o - a scroll of random uselessness {unknown}
 p - 2 scrolls of teleportation {unknown}
 r - a scroll of noise {unknown}
Potions
 c - 2 potions of resistance
 e - 2 potions of lignification
 g - 3 potions of flight
 h - 3 potions of invisibility
 i - a potion of agility
 l - a potion of might {unknown}
 s - a potion of curing {unknown}
 t - a potion of heal wounds {unknown}
 u - 3 potions of brilliance {unknown}
 x - a potion of cancellation {unknown}
 z - a potion of haste {unknown}
Comestibles
 b - 15 rations
 A - 17 chunks of flesh


   Skills:
 + Level 4.5 Fighting
 + Level 4.6 Dodging
 - Level 2.0 Stealth
 * Level 7.4 Unarmed Combat
 + Level 2.3 Evocations


You had 7 spell levels left.
You didn't know any spells.

Dungeon Overview and Level Annotations

Branches:
Dungeon (6/15)             Temple (1/1) D:5

Altars:
Ashenzari
Cheibriados
Dithmenos
Elyvilon
Fedhas
Gozag
Hepliaklqana
Kikubaaqudgha
Makhleb
Okawaru
Qazlal
Ru
Sif Muna
Trog
Uskayaw
Vehumet
Yredelemnul
Zin
The Shining One


Innate Abilities, Weirdness & Mutations

You are too large for most types of armour.
You have claws for hands.
Your metabolism is lightning-fast.
You like to eat raw meat.
Your natural rate of healing is unusually fast.
You are covered in fur. (AC +1)
You have very tough skin. (AC +2)
You are dopey. (Int -2)
You are frail. (-10% HP)
Your system is resistant to poisons. (rPois)
You are weak. (Str -2)


Message History

The bullfrog hits you.
* * * LOW HITPOINT WARNING * * *
You closely miss the bullfrog.
The bullfrog is almost dead.
You block the bullfrog's attack. You block the leopard gecko's attack.
The bullfrog hits you but does no damage.
The bullfrog closely misses you.
You closely miss the bullfrog.
The bullfrog is almost dead.
The bullfrog hits you.
* * * LOW HITPOINT WARNING * * *
You block the leopard gecko's attack. The bullfrog hits you.
* * * LOW HITPOINT WARNING * * *
The bullfrog hits you but does no damage.
You barely miss the bullfrog.
The bullfrog is almost dead.
The bullfrog barely misses you. The leopard gecko bites you.
* * * LOW HITPOINT WARNING * * *
The bullfrog hits you!
You die...

##≈≈÷##
≈≈≈.≈..≈≈≈##.≈≈##†≈≈## #≈.≈≈#
≈≈≈..[$.≈.≈#≈≈≈.#≈.≈.# #.≈≈.#
.≈≈..$?..≈≈#.≈≈≈#≈≈.∩# #≈≈≈≈#
≈.≈≈.≈/≈≈≈.#≈≈≈≈#≈.≈.#
##≈..##
≈≈≈≈≈≈†.≈≈≈#≈..##.≈≈##
÷#.≈≈≈##≈≈≈≈≈≈≈≈.≈.#≈≈.#..≈≈#
≈##.≈.≈###≈≈≈≈≈#.≈##≈.##≈.≈##
≈.##≈≈≈≈≈#######Fl#≈≈##÷÷≈≈#
≈≈≈###≈≈.≈≈≈≈≈.F@##≈≈#≈...##
.≈≈≈≈####≈.≈≈.≈..#≈≈≈≈≈≈≈##
#.≈≈≈..≈#≈∩≈#######≈≈≈####
####≈≈≈≈#####≈.≈≈≈#≈.##
∩≈≈####÷≈≈≈≈≈≈≈≈≈.####
#≈...≈#########≈.≈#
###.∩..≈.≈≈≈≈≈≈≈≈≈#
#####.≈≈≈≈..≈.≈≈#
#############


You could see 2 bullfrogs and a leopard gecko.

Vanquished Creatures
  A phantom (D:4)
  An orc warrior (D:6)
  3 ice beasts
  An ogre (D:5)
  The ghost of Revguard the Firebug, an amateur DEFE (D:3)
  2 bullfrogs (D:6)
  2 howler monkeys (D:5)
  3 crimson imps (D:5)
  A hound (D:4)
  3 worker ants
  5 orc wizards (D:3)
  7 adders
  A shadow imp (D:5)
  9 oozes
  An adder skeleton (D:4)
  7 worms
  2 dart slugs (D:2)
  11 leopard geckos
  7 orcs
  6 bats
  12 giant cockroaches
  11 goblins
  2 hobgoblins (D:3)
  4 jackals (D:2)
  12 kobolds
  5 quokkas
  12 ball pythons
  16 frilled lizards
  2 leopard gecko skeletons
  A quokka zombie (D:5)
  11 rats
162 creatures vanquished.

Notes
Turn   | Place    | Note
-------+----------+-------------------------------------------
     0 | D:1      | Henning the Troll Monk began the quest for the Orb.
     0 | D:1      | Reached XP level 1. HP: 22/22 MP: 0/0
   183 | D:1      | Reached XP level 2. HP: 28/29 MP: 1/1
   767 | D:2      | Reached XP level 3. HP: 24/36 MP: 2/2
  1020 | D:2      | Reached XP level 4. HP: 41/44 MP: 3/3
  1113 | D:2      | Noticed an ice beast
  1138 | D:2      | Killed an ice beast
  1138 | D:2      | Reached skill level 4 in Unarmed Combat
  1138 | D:2      | Reached XP level 5. HP: 38/53 MP: 4/4
  1635 | D:3      | Reached XP level 6. HP: 48/61 MP: 5/5
  1681 | D:3      | Noticed Revguard's ghost (amateur DEFE)
  1689 | D:3      | Reached skill level 5 in Unarmed Combat
  1700 | D:3      | Killed Revguard's ghost
  2380 | D:4      | Reached XP level 7. HP: 22/68 MP: 6/6
  2617 | D:4      | Gained mutation: You are weak. (Str -2) [potion of mutation]
  2617 | D:4      | Gained mutation: You are frail. (-10% HP) [potion of mutation]
  2617 | D:4      | Gained mutation: You are dopey. (Int -2) [potion of mutation]
  2617 | D:4      | Gained mutation: Your system is resistant to poisons. (rPois) [potion of mutation]
  2906 | D:5      | Entered Level 5 of the Dungeon
  2906 | D:5      | Found a staircase to the Ecumenical Temple.
  2992 | D:5      | Reached skill level 6 in Unarmed Combat
  2992 | D:5      | Reached skill level 1 in Evocations
  3394 | D:5      | Reached XP level 8. HP: 68/70 MP: 8/8
  3519 | D:5      | Found a glowing silver altar of Zin.
  3620 | Temple   | Entered the Ecumenical Temple
  3882 | D:5      | Found a radiant altar of Vehumet.
  4082 | D:5      | Found an ancient bone altar of Kikubaaqudgha.
  4182 | D:6      | Reached skill level 7 in Unarmed Combat
  4306 | D:6      | Found a glowing silver altar of Zin.
  4349 | D:6      | Found a glowing drain.
  4376 | Sewer    | Entered a sewer
  4696 | Sewer    | Slain by a bullfrog

Skill      XL: |  1  2  3  4  5  6  7  8 |
---------------+-------------------------+-----
Fighting       | 3 4 |  4.5
Dodging        | 3 4 |  4.6
Unarmed Combat | 4 5 6 7 |  7.4
Stealth        | 2 |  2.0
Evocations     | 1 2 |  2.3

Action                   |  1- 3 |  4- 6 |  7- 9 || total
-------------------------+-------+-------+-------++-------
Melee: Unarmed           |    80 |   152 |   211 ||   443
       Punch             |       |     5 |     3 ||     8
  Use: Scroll            |       |     3 |     4 ||     7
       Potion            |       |       |     1 ||     1
 Stab: Sleeping          |     3 |     5 |     7 ||    15
  Eat: Chunk             |    15 |    12 |    22 ||    49
Armor: Robe              |    22 |    38 |    48 ||   108
Dodge: Dodged            |    34 |    76 |    84 ||   194
Block: Shield            |       |       |    52 ||    52
